 Dungeon Crawl Stone Soup version 0.10.4 character file.

122 LambAmis the Grave Robber (level 3, -2/24 HPs)
             Began as a Demonspawn Necromancer on May 19, 2019.
             Slain by a gnoll
             ... wielding a +0,+0 spear
              (8 damage)
             ... on Level 3 of the Dungeon.
             The game lasted 00:14:59 (2379 turns).

LambAmis the Grave Robber (Demonspawn Necromancer)  Turns: 2379, Time: 00:15:00

HP  -2/24        AC  9     Str 10      XL: 3   Next: 65%
MP   1/6         EV  9     Int 17      God:
Gold 65          SH  0     Dex 13      Spells:  2 memorised,  4 levels left

Res.Fire  : . . .   See Invis. : .   g - +2,+0 elf dagger
Res.Cold  : . . .   Warding    : . . c - +3 dwarf ring mail
Life Prot.: . . .   Conserve   : .   (no shield)
Res.Acid. : . . .   Res.Corr.  : .   (no helmet)
Res.Poison: .       Clarity    : .   m - +0 cloak
Res.Elec. : .       Spirit.Shd : .   (no gloves)
Sust.Abil.: . .     Stasis     : .   (no boots)
Res.Mut.  : .       Ctrl.Telep.: .   (no amulet)
Res.Rott. : .       Levitation : .   (no ring)
Saprovore : . . .   Ctrl.Flight: .   q - +2 ring of strength

@: not resistant to hostile enchantments, unstealthy
A: spiny 1
a: no special abilities


You were on level 3 of the Dungeon.
You were hungry.

You visited 1 branch of the dungeon, and saw 3 of its levels.

You collected 45 gold pieces.

Inventory:

Hand weapons
 e - a +0,+0 dagger (quivered)
 g - a +2,+0 elven dagger (weapon)
Armour
 a - a +0 robe
 c - a +3 dwarven ring mail (worn)
 f - a +0 robe
 h - a +1 scale mail
 m - a +0 cloak (worn)
Comestibles
 l - an apple
 n - a chunk of goblin flesh
Jewellery
 q - a +2 ring of strength (left hand)
Potions
 d - a potion of mutation {unknown}
 i - a potion of might {unknown}
 j - a potion of restore abilities {unknown}
Books
 b - a book of Necromancy

   Spells                             Type                      Level
   *Pain                              Necromancy                   1
   *Animate Skeleton                  Necromancy                   1
   Lethal Infusion                    Charms/Necromancy            2
   Vampiric Draining                  Necromancy                   3
   Regeneration                       Charms/Necromancy            3
   Animate Dead                       Necromancy                   4
   Control Undead                     Necromancy                   4


   Skills:
 + Level 0.1 Short Blades
 + Level 0.5 Armour
 + Level 2.5 Dodging
 + Level 2.0 Stealth
 + Level 0.2 Traps & Doors
 + Level 2.2 Spellcasting
 + Level 5.4 Necromancy


You had 4 spell levels left.
You knew the following spells:

 Your Spells              Type           Power        Failure   Level  Hunger
a - Pain                  Necr           ####.        10%         1    Sultana
b - Animate Skeleton      Necr           N/A          10%         1    Sultana

Dungeon Overview and Level Annotations

Branches:
Dungeon (3/27)

Altars:


Innate Abilities, Weirdness & Mutations

You are partially covered in sharp spines.


Message History

The gnoll hits you but does no damage.
Casting: Pain
Confirm with . or Enter, or press ? or * to list all spells.
Aiming: Pain
Press: ? - help, Shift-Dir - straight line, f/p - gnoll
Aim: a gnoll, wielding a spear (lightly wounded)
The gnoll convulses in agony!
The gnoll hits you with a spear.
You hit the gnoll but do no damage.
The gnoll is moderately wounded.
The gnoll hits you with a spear.
* * * LOW HITPOINT WARNING * * *
The gnoll completely misses you.
Casting: Pain
Confirm with . or Enter, or press ? or * to list all spells.
Aiming: Pain
Press: ? - help, Shift-Dir - straight line, f/p - gnoll
Aim: a gnoll, wielding a spear (moderately wounded)
You miscast Pain.
Your bones ache.
The gnoll hits you from afar with a spear!
You die...

### #<# #.# #.#
#.#
##############.#
)......g(@.....#
################


You could see a gnoll.

Vanquished Creatures
  A gnoll (D:3)
  2 adders (D:2)
  5 giant cockroaches
  5 hobgoblins
  A ball python (D:2)
  2 bats (D:1)
  3 giant newts
  8 goblins
  2 kobolds (D:1)
  5 rats
34 creatures vanquished.

Vanquished Creatures (others)
  A hobgoblin skeleton (D:2)
1 creature vanquished.

Grand Total: 35 creatures vanquished

Notes
Turn   | Place    | Note
--------------------------------------------------------------
     0 | D:1      | LambAmis, the Demonspawn Necromancer, began the quest for the Orb.
     0 | D:1      | Reached XP level 1. HP: 13/13 MP: 3/3
     2 | D:1      | Learned a level 1 spell: Animate Skeleton
   531 | D:1      | Reached XP level 2. HP: 16/19 MP: 1/4
  1529 | D:2      | Reached skill level 5 in Necromancy
  1772 | D:2      | Gained mutation: You are partially covered in sharp spines.
  1772 | D:2      | Reached XP level 3. HP: 21/24 MP: 3/6
  2379 | D:3      | Slain by a gnoll
